 Seeded DCSS version 0.29.1-15-g9cfb28693d (webtiles) character file.

Game seed: 12571824453726577904 (custom seed)

93 Psyclone the Conjurer (level 4, 24/24 HPs)
             Began as a Deep Elf Conjurer on Sept 22, 2023.
             Quit the game on level 4 of the Dungeon.
             The game lasted 00:04:16 (3338 turns).

Psyclone the Conjurer (Deep Elf Conjurer)           Turns: 3338, Time: 00:04:17

Health: 24/24      AC:  2    Str:  4    XL:     4   Next: 36%
Magic:  8/10       EV: 12    Int: 25    God:
Gold:   127        SH:  0    Dex: 13    Spells: 6/9 levels left

rFire   . . .      SeeInvis .   (no weapon)
rCold   . . .      Faith    .   (no shield)
rNeg    . . .      Spirit   .   a - +0 robe
rPois   .          Reflect  .   (no helmet)
rElec   .          Harm     .   (no cloak)
rCorr   .          Rampage  .   (no gloves)
Will    .....                   (no boots)
Stlth   ++........              (no amulet)
HPRegen 0.08/turn               c - ring of flight
MPRegen 0.12/turn               (no ring)

@: mighty, flying, very slightly contaminated
A: no striking features
a: no special abilities


You were on level 4 of the Dungeon.
You visited 1 branch of the dungeon, and saw 4 of its levels.

You collected 127 gold pieces.

Inventory:

Armour
 a - a +0 robe (worn)
Jewellery
 c - a ring of flight (left hand)
 j - an amulet of faith
Wands
 d - a wand of mindburst (20)
 i - a wand of polymorph (11)
Scrolls
 e - a scroll of enchant weapon
 l - a scroll of identify {@r1}
Potions
 b - a potion of magic


   Skills:
 - Level 2.4 Dodging
 - Level 2.4 Stealth
 - Level 3.0 Spellcasting
 + Level 6.4 Conjurations


You had 6 spell levels left.
You knew the following spells:

 Your Spells              Type           Power      Damage    Failure   Level
a - Magic Dart            Conj           100%       1d8       1%          1
b - Searing Ray           Conj           72%        2d7       1%          2

Your spell library contained the following spells:

 Spells                   Type           Power      Damage    Failure   Level
 Dazzling Flash           Conj/Hex       38%        N/A       9%          3
 Ensorcelled Hibernation  Hex/Ice        6%         N/A       16%         2
 Passwall                 Tmut/Erth      2%         N/A       16%         2
 Fulminant Prism          Conj/Hex       9%         3d7       26%         4
 Iskenderun's Mystic Bla  Conj/Tloc      19%        2d6       26%         4
 Gell's Gravitas          Tloc           3%         N/A       30%         3
 Lesser Beckoning         Tloc           3%         N/A       30%         3
 Swiftness                Air            3%         N/A       30%         3
 Teleport Other           Tloc           3%         N/A       30%         3


Dungeon Overview and Level Annotations

Branches:
Dungeon (4/15) Zot: 20663
 Temple: D:4-7

Altars:
Fedhas

Shops:
D:1 =


Message History

It was a potion of curing.
You feel better.
(D) Dungeon
Where to? (Enter - D:3, ? - help)
There is a shaft here.
There is a stone staircase leading down here.
You fly downwards.
Found a mace.
There is a stone staircase leading up here.
An orc is nearby!
An orc is nearby!
Casting: Searing Ray (safe; 1% risk of failure)
Confirm with . or Enter, or press ? or * to list all spells.
Aiming: Magic Dart (safe; 1% risk of failure)
Press: ? - help, Shift-Dir - straight line, f - orc
Aim: an orc, wielding a +0 club (asleep, 100% to hit)
The magic dart hits the orc.
The orc is severely wounded.
The orc shouts!
You hear a shout! x4
You now have 9/10 mp.
Casting: Magic Dart (safe; 1% risk of failure)
Confirm with . or Enter, or press ? or * to list all spells.
Aiming: Magic Dart (safe; 1% risk of failure)
Press: ? - help, Shift-Dir - straight line, f/p - orc
Aim: an orc, wielding a +0 club (severely wounded, 100% to hit)
You miscast Magic Dart.
You are very lightly contaminated with residual magic.
Nothing appears to happen.
You now have 8/10 mp.
Casting: Magic Dart (safe; 1% risk of failure)
Confirm with . or Enter, or press ? or * to list all spells.
You can't see any susceptible monsters within range! (Use Z to cast anyway.) Unknown command.
Casting: Magic Dart (safe; 1% risk of failure)
Confirm with . or Enter, or press ? or * to list all spells.
You can't see any susceptible monsters within range! (Use Z to cast anyway.) Unknown command.
Casting: Magic Dart (safe; 1% risk of failure)
Confirm with . or Enter, or press ? or * to list all spells.
You can't see any susceptible monsters within range! (Use Z to cast anyway.) Are you sure you want to abandon this character and quit the game? (Confirm with "yes".)

###.).###
.......
.......
..... #>..#
#...# #...#
#.@.#
#...........
#.#....#####
# ##.#.#
#.... ......
... ...
###.....


There were no monsters in sight!

Vanquished Creatures
  2 adders
  2 worms (D:3)
  2 dart slugs (D:1)
  2 orcs (D:3)
  8 ball pythons
  5 bats
  6 endoplasms
  3 giant cockroaches
  3 goblins
  2 hobgoblins (D:1)
  7 jackals
  7 kobolds
  A quokka (D:1)
  4 frilled lizards
  5 rats
59 creatures vanquished.

Notes
Turn   | Place    | Note
-------+----------+-------------------------------------------
     0 | D:1      | Psyclone the Deep Elf Conjurer began the quest for the Orb.
     0 | D:1      | Reached XP level 1. HP: 10/10 MP: 6/6
   165 | D:1      | Reached XP level 2. HP: 15/15 MP: 5/8
   195 | D:1      | Reached skill level 5 in Conjurations
   668 | D:1      | Found Ottec's Jewellery Boutique.
  1044 | D:1      | Reached XP level 3. HP: 19/19 MP: 5/9
  1089 | D:1      | Learned a level 2 spell: Searing Ray
  1597 | D:2      | Reached skill level 6 in Conjurations
  1728 | D:2      | Found a faded altar of an unknown god.
  2216 | D:3      | Reached XP level 4. HP: 21/24 MP: 5/10
  2642 | D:3      | Found a blossoming altar of Fedhas.
  3338 | D:4      | Quit the game

Illustrated notes

Levels and vault maps discovered:
D:1:      amcnicky_arrival_choice, layout_basic, serial_shops, shop,
          nicolae_titane
D:2:      layout_basic, ebering_ecumenical_altar_abandoned,
          amcnicky_mini_pool_small, minivault_23, st_stairs_9
D:3:      layout_loops_ring, mainiacjoe_overflow_catwalk,
          kennysheep_pointless_box, chequers_arboretum, nicolae_wormholes
D:4:      layout_loops_cross

Skill      XL: |  1  2  3 |
---------------+----------+-----
Conjurations   | 5 6 |  6.4
Dodging        | |  2.4
Stealth        | |  2.4
Spellcasting   | |  3.0

Action                   |  1- 3 |  4- 6 || total
-------------------------+-------+-------++-------
 Cast: Magic Dart        |    80 |    44 ||   124
       Searing Ray       |       |     3 ||     3
  Use: Scroll            |     2 |     3 ||     5
       Potion            |       |     2 ||     2
Armor: Robe              |     1 |     1 ||     2
Dodge: Dodged            |     3 |     5 ||     8
